 Dungeon Crawl Stone Soup version 0.32-a0-361-g289a535e89 (webtiles) character file.

Game seed: 16188560058443237684

9 ytrimaz the Chopper (level 2, 0/22 HPs)
             Began as a Coglin Gladiator on Feb 19, 2024.
             Slain by a jackal (3 damage)
             ... on level 1 of the Dungeon.
             The game lasted 00:00:11 (67 turns).

ytrimaz the Chopper (Coglin Gladiator)                Turns: 67, Time: 00:00:12

Health: 0/22       AC:  4    Str: 14    XL:     2   Next: 16%
Magic:  2/2        EV: 12    Int:  7    God:
Gold:   0          SH:  0    Dex: 15    Spells: 1/1 levels left

rFire   . . .        a - +0 war axe {Ana}
rCold   . . .        (no shield)
rNeg    . . .        b - +0 leather armour
rPois   .            c - +0 helmet
rElec   .            (no cloak)
rCorr   .            (no gloves)
SInv    .            (no boots)
Will    .....        (no amulet)
Stlth   +            (no ring)
HPRegen 0.23/turn    (no ring)
MPRegen 0.08/turn

%: no passive effects
@: revved, stiff-legged, very slow
A: off-hand wielding, slow wielding, warmup strikes, warmup strides
a: no special abilities


You were on level 1 of the Dungeon.
You visited 1 branch of the dungeon, and saw 1 of its levels.


Innate Abilities, Weirdness & Mutations

You can wield a second weapon in your off-hand.
It takes a long time for you to wield or remove held weapons.
Your first few attacks do less damage.
Your first movements take longer.


   Skills:
 - Level 2.0 Fighting
 + Level 3.2 Axes
 - Level 1.7 Throwing
 * Level 1.2 Armour
 - Level 2.6 Dodging


You had one spell level left.
You didn't know any spells.
Your spell library was empty.

Inventory:

Hand Weapons
 a - a +0 war axe (weapon) {Ana}
Missiles
 d - 3 throwing nets (quivered)
 e - a javelin
Armour
 b - a +0 leather armour (worn)
 c - a +0 helmet (worn)

Dungeon Overview and Level Annotations

Branches:
Dungeon (1/15) Zot: 5923

Altars:

#######
#.....###
#.......
####.....#
###....†...#
.......@$..#
#.####.h>..#
#.....# .#
#$....# #.#
#.....##...#
####.[...# .
##.#### #.#
#.# ##.# #.#
.. ###..###
#.#


You could see a jackal.


Message History

The ball python constricts you.
You hit the ball python. The ball python completely misses you.
The ball python constricts you. The ball python closely misses you.
The ball python constricts you.
You barely miss the ball python. The ball python bites you.
The ball python constricts you. 😕 HP[-2]
You take 2 damage, and now have 14/16 hp.
Unknown command.
You hit the ball python.
You kill the ball python!
You see here a ball python corpse.
Key pressed, stopping explore.
No target in view! 😎 HP[+2]
Your hp is fully restored (16).
Unknown command.
You see here a ball python corpse.
Found a stone staircase leading down.
No target in view!
A jackal and an endoplasm come into view.
You see here a +0 ring mail.
The endoplasm quivers.
There are monsters nearby!
There are monsters nearby!
Unknown command.
You hit the endoplasm.
The jackal barks!
A jackal comes into view.
The endoplasm misses you.
A jackal comes into view.
The jackal barks!
You slash the endoplasm!
You kill the endoplasm!
The jackal closely misses you.
A jackal comes into view.
The jackal bites you but does no damage. x2
The jackal bites you. The jackal misses you. The jackal barely misses you. x2
There is a stone staircase leading down here. 😕 HP[-2]
You take 2 damage, and now have 14/16 hp.
Unknown command.
The jackal misses you. The jackal barely misses you.
You see here 12 gold pieces.
The jackal barks!
You hit the jackal. x3; The jackal misses you.
The jackal closely misses you. x3
The jackal bites you. The jackal closely misses you. 😮 HP[-2]
You take 2 damage, and now have 12/16 hp.
You hit the jackal.
You kill the jackal!
You barely miss the jackal. x2; You hit the jackal but do no damage.
The jackal bites you. The jackal closely misses you. The jackal bites you.
* * * LOW HITPOINT WARNING * * *
The jackal bites you but does no damage.
The jackal misses you. The jackal bites you.
* * * LOW HITPOINT WARNING * * *
Unknown command. 😨 HP[-6]
You take 6 damage, and now have 6/16 hp.
MASSIVE DAMAGE!! (PAUSE)
The jackal bites you.
* * * LOW HITPOINT WARNING * * *
The jackal bites you but does no damage.
The jackal bites you.
* * * LOW HITPOINT WARNING * * *
The jackal closely misses you.
The jackal bites you but does no damage.
The jackal bites you.
* * * LOW HITPOINT WARNING * * *
The jackal bites you.
* * * LOW HITPOINT WARNING * * *
The jackal barely misses you. x2
You see here a jackal corpse. 😱 HP[-4]
You take 4 damage, and now have 2/16 hp.
MASSIVE DAMAGE!! (PAUSE)
You barely miss the jackal. You completely miss the jackal. You hit the jackal.
You kill the jackal!
The jackal barely misses you. The jackal closely misses you.
The jackal barely misses you. The jackal closely misses you.
Your Armour skill increases to level 1!
You have reached level 2! 😱 HP[+1] MP[+1]
You now have 22 max hp (+6).
Your mp is fully restored (2).
You closely miss the jackal. You barely miss the jackal. The jackal misses you.
The jackal bites you but does no damage.
The jackal barely misses you.
Unknown command.
You hit the jackal.
You kill the jackal!
You barely miss the jackal. The jackal closely misses you.
The jackal bites you.
* * * LOW HITPOINT WARNING * * *
Unknown command.
You barely miss the jackal. The jackal misses you.
The jackal bites you but does no damage.
Unknown command.
You hit the jackal. The jackal bites you.
You die...

Skill      XL: |  1 |
---------------+----+-----
Armour         | 1 |  1.2
Fighting       | |  2.0
Axes           | |  3.2
Throwing       | |  1.7
Dodging        | |  2.6

Action                     || total
---------------------------++-------
  Melee: War axe           ||    13
 Armour: Leather armour    ||    19
  Dodge: Dodged            ||    28

Levels and vault maps discovered:
D:1:      roderic_chinese_lattice_arrival, layout_rooms

Notes
Turn   | Place    | Note
-------+----------+-------------------------------------------
     0 | D:1      | ytrimaz the Coglin Gladiator began the quest for the Orb.
     0 | D:1      | Reached XP level 1. HP: 16/16 MP: 1/1
     0 | D:1      | magus.rc [v1.9.6]
    62 | D:1      | HP: 3/16 [jackal (2)]
    64 | D:1      | Reached skill level 1 in Armour
    64 | D:1      | Reached XP level 2. HP: 3/22 MP: 2/2
    67 | D:1      | Slain by a jackal

Vanquished Creatures
  An endoplasm (D:1)
  3 jackals (D:1)
  A ball python (D:1)
5 creatures vanquished.

Table legend:
 A = Non-vault XP
 B = Vault XP
 C = Vault XP percentage of total XP
 D = Non-vault monster count
 E = Vault monster count
 F = Vault count percentage of total count
                 A         B        C        D         E       F
            +---------+---------+-------+---------+---------+-------
      Total |      14 |       0 |   0.0 |       5 |       0 |   0.0
            +---------+---------+-------+---------+---------+-------
        D:1 |      14 |       0 |   0.0 |       5 |       0 |   0.0
            +---------+---------+-------+---------+---------+-------

Skill      XL: |  1 |
---------------+----+-----
Armour         | 1 |  1.2
Fighting       | |  2.0
Axes           | |  3.2
Throwing       | |  1.7
Dodging        | |  2.6

Action                     || total
---------------------------++-------
  Melee: War axe           ||    13
 Armour: Leather armour    ||    19
  Dodge: Dodged            ||    28

Illustrated notes

Table legend:
 A = Kills in this place as a percentage of kills in the entire game.
 B = Kills by you in this place as a percentage of kills by you in the entire game.
 C = Kills by friends in this place as a percentage of kills by friends in the entire game.
 D = Other kills in this place as a percentage of other kills in the entire game.
 E = Experience gained in this place as a percentage of experience gained in the entire game.
 F = Experience gained in this place divided by the number of levels of this place that you have seen.
                   A       B       C       D       E      F
               +-------+-------+-------+-------+-------+----------------------
         Total | 100.0 | 100.0 |   N/A |   N/A | 100.0 |  14.0
       Dungeon | 100.0 | 100.0 |   N/A |   N/A | 100.0 |  14.0
               +-------+-------+-------+-------+-------+----------------------

Table legend: (Time is in decaauts)
 A = Elapsed time spent in this place.
 B = Non-inter-level travel time spent in this place.
 C = Inter-level travel time spent in this place.
 D = Time resting spent in this place.
 E = Time spent auto-exploring this place.
 F = Levels seen in this place.
 G = Mean time per level.
                   A        B        C        D        E       F      G
               +--------+--------+--------+--------+--------+-----+--------+
         Total |     75 |     75 |      0 |      0 |     43 |   1 |   75.0 |
       Dungeon |     75 |     75 |      0 |      0 |     43 |   1 |   75.0 |
               +--------+--------+--------+--------+--------+-----+--------+

Top non-repeatable levels by time:
     D:1: 75 daAuts
